 Dungeon Crawl Stone Soup version 0.24-a0-132-ge4b1dce (webtiles) character file.

Game seed: 14822942336811681820

160 nikopol the Firebug (level 5, -3/28 HPs)
             Began as a Deep Elf Fire Elementalist on Feb 27, 2019.
             Killed by divine providence
             ... invoked by an orc priest
              (12 damage)
             ... on level 3 of the Dungeon.
             The game lasted 00:05:21 (1722 turns).

nikopol the Firebug (Deep Elf Fire Elementalist)    Turns: 1722, Time: 00:05:22

Health: -3/28      AC:  3    Str:  5    XL:     5   Next: 17%
Magic:  7/14       EV: 13    Int: 21    God:
Gold:   134        SH:  0    Dex: 15    Spells: 7/13 levels left

rFire    . . .     SeeInvis .   j - +0 dagger
rCold    . . .     Gourm    .   (no shield)
rNeg     . . .     Faith    .   a - +0 robe
rPois    .         Spirit   .   (no helmet)
rElec    .         Reflect  .   p - +0 cloak
rCorr    .         Harm     .   (no gloves)
MR       .....                  (no boots)
Stlth    ++........             (no amulet)
HPRegen  0.09/turn              (no ring)
MPRegen  0.14/turn              (no ring)

@: no status effects
A: no striking features
a: no special abilities


You were on level 3 of the Dungeon.
You were not hungry.

You visited 1 branch of the dungeon, and saw 3 of its levels.

You collected 134 gold pieces.

Inventory:

Hand Weapons
 j - a +0 dagger (weapon)
Armour
 a - a +0 robe (worn)
 e - a cursed +0 scale mail
 i - a cursed +0 ring mail
 p - a +0 cloak (worn)
Jewellery
 n - an uncursed ring of resist corrosion {unknown}
Scrolls
 d - 3 scrolls of teleportation {unknown}
 f - 3 scrolls of identify {unknown}
 g - 2 scrolls of remove curse {unknown}
 h - a scroll of fog {unknown}
 m - a scroll of noise {unknown}
 o - a scroll of fear {unknown}
 t - a scroll of immolation {unknown}
Potions
 b - 2 potions of degeneration {unknown}
 k - a potion of invisibility {unknown}
 l - a potion of resistance {unknown}
 q - 3 potions of haste {unknown}
 s - a potion of mutation {unknown}
Comestibles
 c - 5 rations
 r - 2 chunks of flesh


   Skills:
 + Level 2.7 Dodging
 + Level 2.8 Stealth
 + Level 4.8 Spellcasting
 + Level 2.3 Conjurations
 + Level 4.8 Fire Magic


You had 7 spell levels left.
You knew the following spells:

 Your Spells              Type           Power        Failure   Level  Hunger
a - Flame Tongue          Conj/Fire      ###..        2%          1    None
b - Throw Flame           Conj/Fire      ###...       3%          2    None
c - Conjure Flame         Conj/Fire      ###.....     8%          3    ##.....

Your spell library contained the following spells:

 Spells                   Type           Power        Failure   Level  Hunger
 Inner Flame              Hex/Fire       ###.....     12%         3    ##.....
 Sticky Flame             Conj/Fire      ###.....     26%         4    ####...
 Fireball                 Conj/Fire      ###.......   56%         5    #####..


Dungeon Overview and Level Annotations

Branches:
Dungeon (3/15)

Altars:
Dithmenos
The Shining One


Message History

The air around you crackles with energy!
The orc misses you.
Casting: Flame Tongue (safe; 2% risk of failure)
Confirm with . or Enter, or press ? or * to list all spells.
Aiming: Flame Tongue (safe; 2% risk of failure)
Press: ? - help, Shift-Dir - straight line, f/p - orc
Aim: an orc, wearing a +0 scale mail (heavily wounded)
The flame tongue hits the orc.
You kill the orc!
The orc priest miscasts a cantrip.
The orc priest calls down the wrath of Beogh upon you.
Beogh smites you!
Your magical contamination has completely faded away.
The orc priest invokes the aid of Beogh against you.
Beogh smites you!
Ouch! That really hurt!
* * * LOW HITPOINT WARNING * * *
The orc priest mumbles some strange prayers to Beogh against you.
Beogh smites you!
You die...

.....<....... .......'........
...#.######## ########........
...+.......# #.(......
...#.#####.# #........ ...#.# #.#
###########........ ...#.# #.#
#.................. ...#.# #.#
#..........########
####.#####.####.).)..).).########
#>....†....'.@...(....+.......
############..........####....
#........o.####....
#†.....†...........
#.........†....####
########.......# #.......#
+.......# #.......#


You could see an orc priest.

Vanquished Creatures
  Crazy Yiuf (D:2)
  A centaur skeleton (D:2)
  4 adders (D:2)
  2 worms
  3 dart slugs
  A leopard gecko (D:3)
  An orc (D:3)
  5 bats
  3 giant cockroaches
  6 goblins
  11 hobgoblins
  2 quokkas
  A ball python (D:1)
  4 frilled lizards
  7 kobolds
  5 rats
57 creatures vanquished.

Notes
Turn   | Place    | Note
-------+----------+-------------------------------------------
     0 | D:1      | nikopol the Deep Elf Fire Elementalist began the quest for
                  | the Orb.
     0 | D:1      | Reached XP level 1. HP: 10/10 MP: 6/6
   213 | D:1      | Reached XP level 2. HP: 15/15 MP: 5/8
   546 | D:2      | Reached XP level 3. HP: 19/19 MP: 3/10
   550 | D:2      | Learned a level 2 spell: Throw Flame
   554 | D:2      | Learned a level 3 spell: Conjure Flame
   721 | D:2      | Reached XP level 4. HP: 16/24 MP: 6/12
   838 | D:2      | Found a shadowy altar of Dithmenos.
   843 | D:2      | Found a glowing golden altar of the Shining One.
   979 | D:2      | Found a faded altar of an unknown god.
  1224 | D:2      | Found a runed translucent door.
  1225 | D:2      | Noticed Crazy Yiuf
  1238 | D:2      | Killed Crazy Yiuf
  1238 | D:2      | Reached XP level 5. HP: 28/28 MP: 1/14
  1722 | D:3      | Killed from afar by an orc priest

Levels and vault maps discovered:
D:1:      dpeg_arrival_orchard, layout_rooms, minivault_19
D:2:      layout_basic, grunt_temple_overflow_open,
          chequers_ecumenical_altar_grove, uniq_crazy_yiuf_cottage
D:3:      minmay_chambers_of_twos, layout_basic, uniq_sigmund, uniq_grinder

Skill      XL: |  1  2  3  4 |
---------------+-------------+-----
Fire Magic     | 4 |  4.8
Spellcasting   | 4 |  4.8
Conjurations   | 2 |  2.3
Dodging        | |  2.7
Stealth        | |  2.8

Action                   |  1- 3 |  4- 6 || total
-------------------------+-------+-------++-------
 Cast: Flame Tongue      |    48 |    68 ||   116
       Conjure Flame     |       |     1 ||     1
  Eat: Chunk             |       |     2 ||     2
Armor: Robe              |     1 |     1 ||     2
Dodge: Dodged            |    14 |    12 ||    26

Table legend:
 A = Non-vault XP
 B = Vault XP
 C = Vault XP percentage of total XP
 D = Non-vault monster count
 E = Vault monster count
 F = Vault count percentage of total count
                 A         B        C        D         E       F
            +---------+---------+-------+---------+---------+-------
      Total |     189 |      40 |  17.5 |      56 |       1 |   1.8
            +---------+---------+-------+---------+---------+-------
        D:1 |      34 |       0 |   0.0 |      21 |       0 |   0.0
        D:2 |     125 |      40 |  24.2 |      21 |       1 |   4.5
        D:3 |      30 |       0 |   0.0 |      14 |       0 |   0.0
            +---------+---------+-------+---------+---------+-------
